 Dungeon Crawl Stone Soup version 0.24.1-14-gf8d2b509d9 (webtiles) character file.

Game seed: 17033988580608305356, levelgen mode: deterministic

2650 gog the Grappler (level 9, -5/76 HPs)
             Began as a Troll Monk on July 5, 2020.
             Was an Elder of Hepliaklqana.
             Slain by an orc warrior
             ... wielding a +0 halberd
              (9 damage)
             ... in a bailey.
             The game lasted 00:12:37 (4670 turns).

gog the Grappler (Troll Monk)                       Turns: 4670, Time: 00:12:37

Health: -5/76      AC: 15    Str: 21    XL:     9   Next: 36%
Magic:  10/10      EV: 10    Int: 20    God:    Hepliaklqana [****..]
Gold:   413        SH:  0    Dex: 12    Spells: 8/8 levels left

rFire    . . .     SeeInvis .     - Unarmed
rCold    . . .     Gourm    +   (no shield)
rNeg     + . .     Faith    .   y - +0 pearl dragon scales
rPois    .         Spirit   .   (helmet restricted)
rElec    .         Reflect  .   (no cloak)
rCorr    .         Harm     .   (gloves unavailable)
MR       .....     Clarity  +   (boots unavailable)
Stlth    ..........             (no amulet)
HPRegen  0.62/turn              (no ring)
MPRegen  0.12/turn              k - +6 ring of intelligence

@: brilliant
A: large, unfitting armour, reduced essence, claws 3, repulsion field 1,
clarity, fast metabolism 3, gourmand, regeneration 1, shaggy fur 1, tough skin 3
a: Recall Ancestor, Ancestor Identity, Transference, Idealise, Renounce Religion


You were in a bailey.
You worshipped Hepliaklqana.
Hepliaklqana was greatly pleased with you.
You were very full.

You visited 1 branch of the dungeon, and saw 7 of its levels.
You also visited: Sewer and Bailey.

You collected 413 gold pieces.

Inventory:

Hand Weapons
 h - a +6 club
 p - a +4 trident
 u - the cursed +0 falchion "Aboaph" {slice, Int+3, unknown}
   (You found it on level 6 of the Dungeon)

   It inflicts extra damage upon your enemies.
   It affects your intelligence (+3).
   It has a curse placed upon it.
Missiles
 l - 31 poisoned darts (quivered)
Armour
 a - a +0 robe
 s - a +0 troll leather armour {Purgy}
 y - +0 pearl dragon scales (worn)
Jewellery
 c - an uncursed ring of ice {unknown}
 k - a +6 ring of intelligence (right claw)
Scrolls
 d - 4 scrolls of remove curse
 e - 2 scrolls of teleportation
 t - a scroll of noise {unknown}
 v - a scroll of random uselessness {unknown}
 w - a scroll of enchant armour {unknown}
Potions
 f - 4 potions of lignification
 i - a potion of agility {unknown}
 m - a potion of mutation
 n - 3 potions of heal wounds
 o - 4 potions of flight
 r - 2 potions of curing
Comestibles
 b - 8 rations
 x - 14 chunks of flesh


   Skills:
 * Level 4.6 Fighting
 * Level 3.5 Armour
 - Level 2.5 Dodging
 - Level 1.1 Stealth
 + Level 10.6 Unarmed Combat
 * Level 3.0 Invocations


You had 8 spell levels left.
You didn't know any spells.
Your spell library contained the following spells:

 Spells                   Type           Power        Failure   Level  Hunger
 Infusion                 Chrm           ##..         8%          1    ##.....
 Shock                    Conj/Air       ##..         8%          1    ##.....
 Song of Slaying          Chrm           ##......     11%         2    ###....
 Airstrike                Air            ##........   47%         4    #####..
 Iskenderun's Battlesphe  Conj/Chrm      ##......     78%         5    ######.
 Ring of Flames           Chrm/Fire      ##........   100%        7    #######


Dungeon Overview and Level Annotations

Branches:
Dungeon (7/15)             Temple (0/1) D:4           Sewer (visited)
 Bailey (1/1)

Altars:
Ashenzari
Hepliaklqana
Qazlal
Sif Muna
Trog
Zin

Annotations:
D:3 2 transporters


Innate Abilities, Weirdness & Mutations

You are too large for most types of armour.
You have claws for hands.
Your metabolism is lightning-fast.
You like to eat raw meat.
Your natural rate of healing is unusually fast.
You are covered in fur. (AC +1)
You have extremely tough skin. (AC +3)
Your life essence is reduced to manifest your ancestor. (-10% HP)
You are surrounded by a mild repulsion field. (EV +2)
You possess an exceptional clarity of mind.


Message History

The orc warrior shoots a bolt.
The bolt hits you.
Unknown command.
The orc warrior closely misses you.
The orc warrior shoots a bolt.
The bolt hits you but does no damage.
The orc warrior shoots a bolt.
The bolt closely misses you.
The orc warrior shoots a bolt.
The bolt hits you.
You see here 4 bolts.
The orc warrior barely misses you.
Manelesi barely misses the orc warrior.
There is an empty arch of ancient stone here.
You see here 3 bolts.
The orc warrior shoots a bolt.
The bolt hits you!!
* * * LOW HITPOINT WARNING * * *
The orc warrior shoots a bolt.
The bolt hits you!
* * * LOW HITPOINT WARNING * * *
Manelesi gestures at the orc warrior while chanting.
The orc warrior resists with some effort.
There is a gate leading back out of this place, spattered with blood here.
You see here a bolt.
The orc warrior shoots a bolt.
The bolt closely misses you.
The orc warrior hits you from afar with a +0 halberd!
You die...

### ##@## ######
#.((##.....#
≈..#(o(#..≈≈≈..
o≈≈...R.()≈≈o≈≈.
oo≈.......≈oo.≈.
≈o≈≈.......≈≈o≈≈.
≈≈≈..#...#..≈≈≈..
..o.##...##..o..#
#### ##∩## ######


You could see the friendly Manelesi the hexer and 3 orc warriors.

Vanquished Creatures
  The ghost of Hugehornet the Conjurer, a novice TrWz of Sif Muna (D:6)
  Purgy (D:4)
  An orc warrior (Bailey)
  A phantom (D:4)
  An ogre (D:5)
  3 centaurs
  A big kobold (Sewer)
  3 bullfrogs
  A wyvern skeleton (D:6)
  2 scorpions
  A howler monkey (D:5)
  2 centaur zombies (D:6)
  4 crimson imps
  A bullfrog skeleton (D:4)
  A bullfrog zombie (D:6)
  4 hounds
  2 jellies
  A centaur skeleton (D:6)
  2 orc priests (D:5)
  3 orc wizards
  Jessica (D:2)
  3 iguanas
  Natasha (D:1)
  4 worker ants
  3 hound skeletons
  2 worker ant zombies
  4 adders
  A river rat (Sewer)
  A shadow imp (D:6)
  2 adder zombies
  A worm (D:3)
  A dart slug (D:1)
  A leopard gecko (D:2)
  7 orcs
  11 giant cockroaches
  7 goblins
  3 hobgoblins
  13 jackals
  14 kobolds
  A quokka (D:3)
  3 ball pythons (D:3)
  13 bats
  5 frilled lizards
  A giant cockroach zombie (D:6)
  A jackal skeleton (D:4)
  A jackal zombie (D:5)
  2 leopard gecko zombies (D:6)
  2 quokka skeletons
  2 quokka zombies (D:6)
  12 rats
159 creatures vanquished.

Vanquished Creatures (collateral kills)
  A jelly (D:6)
  An orc wizard (D:7)
  A hound zombie (D:5)
  A shadow imp (D:7)
  A worm (D:3)
  2 orcs (D:5)
  A hobgoblin (D:3)
  3 jackals
  A kobold (Sewer)
  A bat (D:2)
  A rat (Sewer)
14 creatures vanquished.

Grand Total: 173 creatures vanquished

Notes
Turn   | Place    | Note
-------+----------+-------------------------------------------
     0 | D:1      | gog the Troll Monk began the quest for the Orb.
     0 | D:1      | Reached XP level 1. HP: 22/22 MP: 0/0
    72 | D:1      | Reached XP level 2. HP: 29/29 MP: 1/1
   392 | D:1      | Reached XP level 3. HP: 31/36 MP: 2/2
   745 | D:2      | Noticed Natasha
   755 | D:1      | Killed Natasha
   755 | D:1      | Reached skill level 4 in Unarmed Combat
   831 | D:2      | Reached XP level 4. HP: 45/45 MP: 3/3
   850 | D:2      | Noticed Jessica
   855 | D:2      | Killed Jessica
   942 | D:2      | Found a hazy altar of Hepliaklqana.
   982 | D:2      | Became a worshipper of Hepliaklqana the Forgotten
   982 | D:2      | Reached * piety under Hepliaklqana
   982 | D:2      | Reached ** piety under Hepliaklqana
   983 | D:2      | Remembered your ancestor Manelesi as a hexer
  1181 | D:2      | Found a shimmering blue altar of Sif Muna.
  1480 | D:3      | Reached skill level 5 in Unarmed Combat
  1519 | D:3      | Reached XP level 5. HP: 46/47 MP: 4/4
  1637 | D:3      | Found a transporter.
  1690 | D:3      | Found a transporter.
  2118 | D:4      | Found a staircase to the Ecumenical Temple.
  2271 | D:4      | Noticed a phantom
  2294 | D:4      | Killed a phantom
  2294 | D:4      | Reached skill level 6 in Unarmed Combat
  2294 | D:4      | Reached XP level 6. HP: 29/54 MP: 5/5
  2409 | D:4      | Reached *** piety under Hepliaklqana
  2453 | D:4      | Noticed Purgy
  2467 | D:4      | Killed Purgy
  2467 | D:4      | Reached skill level 7 in Unarmed Combat
  2904 | D:5      | Entered Level 5 of the Dungeon
  2904 | D:5      | Found a shattered altar of Ashenzari.
  2921 | D:5      | Reached XP level 7. HP: 60/60 MP: 6/6
  2986 | D:5      | Reached skill level 1 in Armour
  2997 | D:5      | Reached skill level 8 in Unarmed Combat
  3195 | D:5      | Identified the Collected Works on Air and Augmentations
  3213 | D:5      | Found a glowing drain.
  3217 | Sewer    | Entered a sewer
  3287 | Sewer    | Reached XP level 8. HP: 70/70 MP: 7/7
  3306 | Sewer    | Found a white marble altar of Elyvilon.
  3711 | D:6      | Noticed Hugehornet's ghost (novice TrWz)
  3717 | D:6      | Reached skill level 9 in Unarmed Combat
  3718 | D:6      | Reached skill level 1 in Invocations
  3759 | D:6      | Got a pitted falchion
  3959 | D:6      | Gained mutation: You are surrounded by a mild repulsion
                  | field. (EV +2) [potion of mutation]
  3959 | D:6      | Gained mutation: You possess an exceptional clarity of
                  | mind. [potion of mutation]
  4012 | D:6      | Found a bloodstained altar of Trog.
  4043 | D:6      | Found a runed translucent gate.
  4045 | D:6      | Found a runed translucent gate.
  4045 | D:6      | Found a runed translucent gate.
  4050 | D:6      | Found a glowing silver altar of Zin.
  4052 | D:6      | Found a stormy altar of Qazlal.
  4152 | D:6      | Reached **** piety under Hepliaklqana
  4404 | D:6      | Killed Hugehornet's ghost
  4404 | D:6      | Reached skill level 10 in Unarmed Combat
  4404 | D:6      | Reached XP level 9. HP: 57/76 MP: 9/9
  4589 | D:7      | Found a flagged portal.
  4655 | Bailey   | Entered a bailey
  4655 | Bailey   | Noticed an orc knight
  4659 | Bailey   | Noticed an orc knight
  4669 | Bailey   | HP: 3/76 [orc warrior/bolt (7)]
  4670 | Bailey   | Slain by an orc warrior

Levels and vault maps discovered:
D:1:      minmay_arrival_up_and_down, layout_loops_ring, hangedman_glass_teeth,
          minmay_unequal
D:2:      layout_rooms, nicolae_overflow_crystal_walls, led_sif_pool,
          uniq_jessica, uniq_natasha
D:3:      gammafunk_steamed_eel, layout_loops_corners
D:4:      layout_loops_ring, temple_fountains, uniq_purgy
D:5:      layout_loops_ring, gup_sewer_entry_bowl, first_ration,
          cheibrodos_ashenzari_chains
D:6:      layout_basic, nicolae_overflow_hidden_temple, serial_undead,
          serial_undead_c, serial_undead_c, serial_undead_f, serial_undead_a,
          gammafunk_ghost_split
D:7:      layout_rooms, enter_bailey_1, uniq_duvessa
Bailey:   bailey_polearm_4, bailey

Skill      XL: |  1  2  3  4  5  6  7  8  9 |
---------------+----------------------------+-----
Fighting       | 3 4 |  4.6
Unarmed Combat | 4 5 6 7 8 10 | 10.6
Armour         | 1 3 |  3.5
Invocations    | 2 3 |  3.0
Dodging        | |  2.5
Stealth        | |  1.1

Action                   |  1- 3 |  4- 6 |  7- 9 || total
-------------------------+-------+-------+-------++-------
Melee: Unarmed           |    96 |   155 |   207 ||   458
       Punch             |     1 |     2 |     6 ||     9
Invok: Recall Ancestor   |       |     2 |     1 ||     3
       Ancestor Life: He |       |     1 |       ||     1
  Use: Scroll            |       |       |    10 ||    10
       Potion            |       |       |     2 ||     2
 Stab: Sleeping          |     5 |     4 |     2 ||    11
       Distracted        |       |       |     4 ||     4
       Confused          |       |       |     2 ||     2
  Eat: Chunk             |    13 |    17 |    17 ||    47
Armor: Robe              |    51 |    60 |       ||   111
       Troll leather arm |       |     4 |    60 ||    64
       Pearl dragon scal |       |       |    33 ||    33
Dodge: Dodged            |    53 |    73 |    92 ||   218
